 Dungeon Crawl Stone Soup version 0.25.1-2-g60ff931df9 (webtiles) character file.

Game seed: 17579859125725015512

52 solopath the Magician (level 3, -2/39 HPs)
             Began as a Demonspawn Wizard on Oct 27, 2020.
             Slain by Crazy Yiuf
             ... wielding a +4 quarterstaff of chaos
              (5 damage)
             ... while paralysed by Crazy Yiuf
             ... on level 2 of the Dungeon.
             The game lasted 00:06:14 (2678 turns).

solopath the Magician (Demonspawn Wizard)           Turns: 2678, Time: 00:06:15

Health: -2/39      AC: 21    Str:  4 (7)  XL:     3   Next: 60%
Magic:  2/2        EV:  2    Int: 19 (20) God:
Gold:   117        SH:  0    Dex: 10 (11) Spells: 0/8 levels left

rFire    + . .     SeeInvis +   l - +2 dagger (antimagic)
rCold    x . .     Gourm    .   (no shield)
rNeg     + + +     Faith    .   (armour currently unavailable)
rPois    +         Spirit   .   (helmet currently unavailable)
rElec    .         Reflect  .   (cloak currently unavailable)
rCorr    .         Harm     .   (gloves currently unavailable)
MR       .....     NoTele   +   (boots currently unavailable)
Stlth    ++........             c - amulet of the acrobat
HPRegen  0.13/turn              s - ring of see invisible
MPRegen  0.08/turn              m - ring of fire

@: paralysed, tree-form, stab, very slightly contaminated
A: no striking features
a: no special abilities


You were on level 2 of the Dungeon.
You were not hungry.
You were a tree.
You visited 1 branch of the dungeon, and saw 2 of its levels.

You collected 117 gold pieces.

Inventory:

Hand Weapons
 j - a +0 hunting sling of freezing
 l - a +2 antimagic dagger (weapon)
Missiles
 k - 43 stones (quivered)
Armour
 a - a +0 robe (melded)
 b - a +0 hat (melded)
Jewellery
 c - an amulet of the acrobat (around neck)
 m - a ring of fire (right branch)
 s - a ring of see invisible (left branch)
Scrolls
 e - 2 scrolls of fear {unknown}
 f - a scroll of magic mapping {unknown}
 i - a scroll of enchant armour {unknown}
 n - a scroll of identify {unknown}
 r - a scroll of blinking {unknown}
Potions
 h - 3 potions of curing {unknown}
Comestibles
 d - 6 rations


   Skills:
 - Level 1.0 Fighting
 + Level 0.5 Short Blades
 - Level 1.9 Dodging
 - Level 2.1 Stealth
 + Level 3.4 Spellcasting
 + Level 1.7 Conjurations
 - Level 1.0 Summonings
 - Level 1.1 Translocations
 + Level 0.3 Air Magic
 + Level 0.3 Poison Magic


You couldn't memorise any spells.
You knew the following spells:

 Your Spells              Type           Power        Failure   Level  Hunger
a - Magic Dart            Conj           #...         8%          1    None
b - Blink                 Tloc           N/A          14%         2    ##.....
c - Call Imp              Summ           #.......     14%         2    ##.....
d - Mephitic Cloud        Conj/Pois/Air  #.......     32%         3    ###....

Your spell library contained the following spells:

 Spells                   Type           Power        Failure   Level  Hunger
 Slow                     Hex            #.......     22%         2    ##.....
 Conjure Flame            Conj/Fire      #.......     30%         3    ###....


Dungeon Overview and Level Annotations

Branches:
Dungeon (2/15)

Altars:
Cheibriados
Wu Jian
Xom

Annotations:
D:2 Crazy Yiuf


Innate Abilities, Weirdness & Mutations

((Your movements are slightly less encumbered by armour. (ER -2)))


Message History

You are too injured to fight recklessly!
You closely miss Crazy Yiuf.
Crazy Yiuf is lightly wounded.
Crazy Yiuf flaps his cloak.
Crazy Yiuf hits you but does no damage.
You barely miss Crazy Yiuf.
Crazy Yiuf is lightly wounded.
You closely miss Crazy Yiuf.
Crazy Yiuf is lightly wounded.
Crazy Yiuf says, "Peeping!"
Crazy Yiuf hits you but does no damage.
You suddenly lose the ability to move!
Crazy Yiuf hits you but does no damage.
Crazy Yiuf hits you with a +4 quarterstaff of chaos!
* * * LOW HITPOINT WARNING * * *
Crazy Yiuf freezes you.
* * * LOW HITPOINT WARNING * * *
Crazy Yiuf says, "Cholesterol shoe hand!"
Crazy Yiuf hits you but does no damage.
Crazy Yiuf hits you with a +4 quarterstaff of chaos.
You die...

#<............#
#.##.##.####.##
#.##.##.# #.#
#.##.##.# #.#
#.##.#### ###
#.##.### #.##...#
♣♣♣♣♣###
##.###### ###
♣♣♣.♣....##
#.......#
#...#♣♣.♣......##
#.#.....#
#(.((g♣♣♣♣......#
....#.### #(..#♣♣
♣♣.....# #.###.#
### ♣♣##..#
#.....# #.##
######### #.#
#....# ### ####.#
#.#### #.# #.##.#
####.# #.# #....#


You could see Crazy Yiuf.

Vanquished Creatures
  2 adders (D:2)
  2 worms (D:2)
  A giant cockroach (D:2)
  5 goblins
  A hobgoblin (D:1)
  4 jackals (D:2)
  3 kobolds (D:1)
  A quokka (D:2)
  2 ball pythons
  3 bats
  2 frilled lizards
  4 rats
30 creatures vanquished.

Notes
Turn   | Place    | Note
-------+----------+-------------------------------------------
     0 | D:1      | solopath the Demonspawn Wizard began the quest for the Orb.
     0 | D:1      | Reached XP level 1. HP: 13/13 MP: 4/4
   691 | D:1      | Gained mutation: Your movements are slightly less
                  | encumbered by armour. (ER -2) [demonic ancestry]
   691 | D:1      | Reached XP level 2. HP: 15/19 MP: 4/6
   866 | D:1      | Found a snail-covered altar of Cheibriados.
  1006 | D:1      | Learned a level 2 spell: Blink
  1009 | D:1      | Learned a level 2 spell: Call Imp
  1231 | D:2      | Reached skill level 1 in Translocations
  1341 | D:2      | Found a shimmering altar of Xom.
  1647 | D:2      | Reached XP level 3. HP: 20/25 MP: 3/7
  1661 | D:2      | Reached skill level 1 in Fighting
  1725 | D:2      | Learned a level 3 spell: Mephitic Cloud
  2253 | D:2      | Found an ornate altar of the Wu Jian Council.
  2413 | D:2      | Found a runed translucent door.
  2414 | D:2      | Noticed Crazy Yiuf
  2674 | D:2      | Paralysed by Crazy Yiuf for 5 turns
  2678 | D:2      | Slain by Crazy Yiuf

Illustrated notes

Levels and vault maps discovered:
D:1:      heliophobic_arrival_dark_side_of_the_moon, layout_rooms,
          cheibriados_altar_1
D:2:      layout_loops_ring, overflow_temple_1_default, old_standard_altar,
          first_ration, uniq_crazy_yiuf_cottage

Skill      XL: |  1  2  3 |
---------------+----------+-----
Stealth        | 2 |  2.1
Translocations | 1 |  1.1
Fighting       | 1 |  1.0
Short Blades   | |  0.5
Dodging        | |  1.9
Spellcasting   | |  3.4
Conjurations   | |  1.7
Summonings     | |  1.0
Air Magic      | |  0.3
Poison Magic   | |  0.3

Action                   || total
-------------------------++-------
Melee: Hand axe          ||    15
       Dagger            ||    15
 Fire: Hunting sling     ||    85
 Cast: Magic Dart        ||    33
       Mephitic Cloud    ||     1
       Blink             ||     1
  Use: Potion            ||     3
 Stab: Sleeping          ||     2
  Eat: Chunk             ||     5
Armor: Robe              ||    12
       Skin              ||     4
Dodge: Dodged            ||    36
